 Dungeon Crawl Stone Soup version 0.25.1-2-g60ff931df9 (webtiles) character file.

Game seed: 11190917231181873436

135 Atelerd the Changer (level 4, 0/36 HPs)
             Began as a Demigod Transmuter on Aug 4, 2020.
             Slain by a worker ant (4 damage)
             ... on level 3 of the Dungeon.
             The game lasted 00:04:43 (3670 turns).

Atelerd the Changer (Demigod Transmuter)            Turns: 3670, Time: 00:04:44

Health: 0/36       AC:  4    Str: 13    XL:     4   Next: 66%
Magic:  10/10      EV: 12    Int: 19    God:
Gold:   196        SH:  0    Dex: 16    Spells: 7/8 levels left

rFire    . . .     SeeInvis .   h - +0 short sword
rCold    + . .     Gourm    .   (no shield)
rNeg     . . .     Faith    .   f - +1 leather armour {rC+}
rPois    .         Spirit   .   (no helmet)
rElec    .         Reflect  .   (no cloak)
rCorr    .         Harm     .   (no gloves)
MR       .....                  (no boots)
Stlth    +.........             (no amulet)
HPRegen  0.12/turn              (no ring)
MPRegen  0.12/turn              (no ring)

@: no status effects
A: high mp 1
a: no special abilities


You were on level 3 of the Dungeon.
You were very hungry.

You visited 1 branch of the dungeon, and saw 4 of its levels.

You collected 196 gold pieces.

Inventory:

Hand Weapons
 h - a +0 short sword (weapon)
Missiles
 a - 80 arrows
 o - 16 poisoned darts (quivered)
Armour
 b - a +0 robe
 f - a +1 leather armour of cold resistance (worn)
Scrolls
 c - 2 scrolls of teleportation
 j - a scroll of immolation {unknown}
 k - 3 scrolls of remove curse
 l - a scroll of noise
 m - a scroll of blinking {unknown}
 p - a scroll of identify {unknown}
 q - 6 scrolls of enchant armour
 s - 2 scrolls of fog {unknown}
Potions
 e - a potion of flight {unknown}
 g - a potion of curing
 n - a potion of haste {unknown}
 r - a potion of degeneration {unknown}
 t - a potion of stabbing {unknown}
Comestibles
 d - 8 rations


   Skills:
 + Level 1.7 Fighting
 - Level 1.7 Dodging
 - Level 2.6 Unarmed Combat
 + Level 2.7 Spellcasting
 * Level 3.7 Transmutations


You had 7 spell levels left.
You knew the following spells:

 Your Spells              Type           Power        Failure   Level  Hunger
a - Beastly Appendage     Tmut           ###...       4%          1    None

Your spell library contained the following spells:

 Spells                   Type           Power        Failure   Level  Hunger
 Sticks to Snakes         Tmut           ###.....     6%          2    ##.....
 Spider Form              Tmut/Pois      #.........   28%         3    ###....
 Ice Form                 Ice/Tmut       #.......     67%         4    ####...
 Blade Hands              Tmut           ###.......   75%         5    ######.


Dungeon Overview and Level Annotations

Branches:
Dungeon (4/15)
 Temple: D:4-7


Innate Abilities, Weirdness & Mutations

You have an increased reservoir of magic. (+10% MP)


Message History

You hit the worker ant but do no damage.
The worker ant is heavily wounded.
The worker ant bites you but does no damage.
Your leather armour prevents you from hitting the worker ant.
The worker ant is heavily wounded.
The worker ant barely misses you.
Unknown command.
You hit the worker ant but do no damage.
The worker ant is heavily wounded.
The worker ant closely misses you. The worker ant barely misses you.
Unknown command.
You hit the worker ant.
The worker ant is almost dead.
The worker ant bites you.
* * * LOW HITPOINT WARNING * * *
Unknown command.
You closely miss the worker ant.
The worker ant is almost dead.
The worker ant bites you.
You die...

.............##### ##...#####
........####.....######...##
..).....########........#.# ###
...............########...# #..
...............# ###.....#####..
...............####..........##..
...............##................
...............##a#...........#..
...............#@.#...........#..
...............#.######....####..
.................# #..#.# #..
...........)....### ##..#.# ###
............#.....####...#.#
......##......##...#.....#.##
...#####.>...........).#.#..#
.............######......##.#
.........>...# #...##..#.#


You could see a worker ant.

Vanquished Creatures
  A scorpion (D:4)
  An adder (D:3)
  A shadow imp (D:4)
  A worm (D:3)
  2 leopard geckos
  An orc (D:2)
  6 giant cockroaches
  4 goblins
  10 hobgoblins
  A quokka (D:3)
  2 ball pythons (D:2)
  7 bats
  5 frilled lizards
  A jackal skeleton (D:3)
  4 kobolds (D:1)
  14 rats
61 creatures vanquished.

Notes
Turn   | Place    | Note
-------+----------+-------------------------------------------
     0 | D:1      | Atelerd the Demigod Transmuter began the quest for the Orb.
     0 | D:1      | Reached XP level 1. HP: 15/15 MP: 5/5
    56 | D:1      | Reached skill level 2 in Transmutations
   471 | D:1      | Reached XP level 2. HP: 22/22 MP: 5/7
  1621 | D:2      | Reached skill level 1 in Fighting
  1950 | D:2      | Reached XP level 3. HP: 27/28 MP: 8/8
  2545 | D:2      | Reached skill level 3 in Transmutations
  3369 | D:4      | Reached XP level 4. HP: 30/35 MP: 8/10
  3485 | D:4      | Found an ornate altar of the Wu Jian Council.
  3642 | D:4      | Found a snail-covered altar of Cheibriados.
  3670 | D:3      | Slain by a worker ant

Illustrated notes

Levels and vault maps discovered:
D:1:      minmay_arrival_four_loops, layout_loops_ring, roderic_serpentine_path,
          minmay_octomino_e4
D:2:      layout_basic
D:3:      layout_rooms, first_ration
D:4:      layout_loops_ring, overflow_temple_1_default, kennysheep_little_box,
          portal_sewer_entry_a

Skill      XL: |  1  2  3 |
---------------+----------+-----
Transmutations | 2 3 |  3.7
Spellcasting   | 2 |  2.7
Fighting       | 1 |  1.7
Dodging        | |  1.7
Unarmed Combat | |  2.6

Action                   |  1- 3 |  4- 6 || total
-------------------------+-------+-------++-------
Melee: Unarmed           |    32 |       ||    32
       Kick              |    13 |       ||    13
       Short sword       |   187 |    26 ||   213
       Headbutt          |     6 |     7 ||    13
       Punch             |     3 |       ||     3
 Cast: Beastly Appendage |    18 |     2 ||    20
  Use: Scroll            |     4 |       ||     4
       Potion            |       |     2 ||     2
 Stab: Sleeping          |     1 |       ||     1
  Eat: Chunk             |     8 |       ||     8
Armor: Robe              |     5 |       ||     5
       Leather armour    |    53 |     3 ||    56
Dodge: Dodged            |   179 |    23 ||   202
